 Dungeon Crawl Stone Soup version 0.25-a0-545-ge4db218 (webtiles) character file.

Game seed: 15634303997093681958, levelgen mode: deterministic

280 wolfsongas the Poker (level 6, -1/49 HPs)
             Began as a Merfolk Skald on Feb 21, 2020.
             Slain by a goblin
             ... wielding a +0 club
              (4 damage)
             ... on level 3 of the Dungeon.
             The game lasted 00:06:02 (3028 turns).

wolfsongas the Poker (Merfolk Skald)                Turns: 3028, Time: 00:06:02

Health: -1/49      AC:  5    Str: 13    XL:     6   Next: 27%
Magic:  8/10       EV: 13    Int: 17    God:
Gold:   112        SH:  0    Dex: 14    Spells: 8/11 levels left

rFire    . . .     SeeInvis .   n - +0 halberd
rCold    . . .     Gourm    .   (shield currently unavailable)
rNeg     . . .     Faith    .   b - +1 leather armour
rPois    .         Spirit   .   h - +0 helmet
rElec    .         Reflect  .   (no cloak)
rCorr    .         Harm     .   (no gloves)
MR       .....                  (no boots)
Stlth    ++........             (no amulet)
HPRegen  0.16/turn              e - +1 ring of evasion
MPRegen  0.12/turn              (no ring)

@: brilliant, infused, singing
A: change form in water, swift swim, stealthy swim
a: no special abilities


You were on level 3 of the Dungeon.
You were not hungry.

You visited 1 branch of the dungeon, and saw 3 of its levels.

You collected 112 gold pieces.

Inventory:

Hand Weapons
 n - a +0 halberd (weapon)
Armour
 b - a +1 leather armour (worn)
 h - a +0 helmet (worn)
Jewellery
 e - a +1 ring of evasion (left hand)
Scrolls
 k - a scroll of remove curse
Potions
 i - 2 potions of curing
 j - 3 potions of flight
Comestibles
 a - 2 chunks of flesh
 d - 11 rations


   Skills:
 + Level 4.3 Fighting
 + Level 4.6 Polearms
 - Level 0.6 Armour
 - Level 2.6 Dodging
 + Level 2.6 Stealth
 - Level 3.0 Spellcasting
 - Level 4.2 Charms


You had 8 spell levels left.
You knew the following spells:

 Your Spells              Type           Power        Failure   Level  Hunger
a - Infusion              Chrm           ####         1%          1    None
b - Song of Slaying       Chrm           ####....     1%          2    ##.....

Your spell library contained the following spells:

 Spells                   Type           Power        Failure   Level  Hunger
 Shroud of Golubria       Chrm/Tloc      ###...       1%          2    ##.....
 Ozocubu's Armour         Chrm/Ice       ###.....     3%          3    ###....
 Spectral Weapon          Hex/Chrm       ###.....     3%          3    ###....


Dungeon Overview and Level Annotations

Branches:
Dungeon (3/15)

Altars:

Annotations:
D:3 Grinder


Message History

The crimson imp hits you but does no damage.
The kobold hits you but does no damage.
You slash something!
Reactivating autopickup.
Your Fighting skill increases to level 4!
Your Polearms skill increases to level 4!
Your Stealth skill increases to level 2!
You have reached level 6!
Your experience leads to an increase in your attributes!
Your base attributes are Str 12, Int 12, Dex 14.
Increase (S)trength, (I)ntelligence, or (D)exterity?
You feel stronger.
You feel a bit more experienced. The goblin hits you but does no damage.
The hobgoblin hits you.
* * * LOW HITPOINT WARNING * * *
Grinder blinks!
The kobold closely misses you.
The crimson imp laughs crazily.
The crimson imp hits you but does no damage.
The goblin hits you with a +0 club.
You die...

#.......#
#.......#
#.......#
#..(....#
+........
####........
#...§g......
#..)@g...5.. .
##..K5..(... #
#..#######. #
##..# #
#.#...######.#
#
#.'..........#
#
#####.#####..#
###### #.# ##
#..... #.##..
#)####


You could see Grinder, a crimson imp, a hobgoblin, a goblin and a kobold.

Vanquished Creatures
  Sigmund (D:3)
  3 gnolls
  3 adders
  An ooze (D:3)
  A worm (D:3)
  3 dart slugs
  2 leopard geckos
  An orc (D:3)
  A ball python (D:1)
  3 giant cockroaches
  7 goblins
  5 hobgoblins
  6 jackals
  5 kobolds
  2 quokkas (D:2)
  9 bats
  4 frilled lizards
  8 rats
65 creatures vanquished.

Notes
Turn   | Place    | Note
-------+----------+-------------------------------------------
     0 | D:1      | wolfsongas the Merfolk Skald began the quest for the Orb.
     0 | D:1      | Reached XP level 1. HP: 16/16 MP: 3/3
   151 | D:1      | Reached XP level 2. HP: 23/23 MP: 5/5
   558 | D:1      | Reached XP level 3. HP: 14/28 MP: 6/6
   891 | D:1      | Learned a level 2 spell: Song of Slaying
  1444 | D:3      | Reached XP level 4. HP: 26/35 MP: 8/8
  2367 | D:2      | Reached XP level 5. HP: 23/41 MP: 1/9
  2804 | D:3      | Reached skill level 1 in Stealth
  3008 | D:3      | Noticed Sigmund
  3018 | D:3      | Noticed Grinder
  3028 | D:3      | Killed Sigmund
  3028 | D:3      | Reached XP level 6. HP: 7/49 MP: 8/10
  3028 | D:3      | Slain by a goblin

Levels and vault maps discovered:
D:1:      eino_arrival_cavern_c, layout_rooms, minmay_tripent
D:2:      layout_rooms, first_ration
D:3:      layout_basic, regret_index_temple_of_mockery,
          yredelemnul_altar_generic, uniq_sigmund, uniq_grinder, uniq_natasha

Skill      XL: |  1  2  3  4  5 |
---------------+----------------+-----
Fighting       | 3 4 |  4.3
Charms         | 4 |  4.2
Spellcasting   | 3 |  3.0
Stealth        | 2 |  2.6
Polearms       | 4 |  4.6
Armour         | |  0.6
Dodging        | |  2.6

Action                   |  1- 3 |  4- 6 || total
-------------------------+-------+-------++-------
Melee: Spear             |   138 |   101 ||   239
       Halberd           |       |    30 ||    30
 Cast: Song of Slaying   |     2 |     2 ||     4
       Infusion          |       |     5 ||     5
  Use: Scroll            |     5 |     3 ||     8
       Potion            |     1 |     3 ||     4
 Stab: Sleeping          |     1 |       ||     1
  Eat: Chunk             |     1 |     1 ||     2
       Ration            |     1 |     1 ||     2
Armor: Leather armour    |    28 |    35 ||    63
Dodge: Dodged            |    99 |   105 ||   204

Table legend:
 A = Non-vault XP
 B = Vault XP
 C = Vault XP percentage of total XP
 D = Non-vault monster count
 E = Vault monster count
 F = Vault count percentage of total count
                 A         B        C        D         E       F
            +---------+---------+-------+---------+---------+-------
      Total |     191 |     209 |  52.2 |      62 |       3 |   4.6
            +---------+---------+-------+---------+---------+-------
        D:1 |      33 |       4 |  10.8 |      18 |       2 |  10.0
        D:2 |      81 |       0 |   0.0 |      26 |       0 |   0.0
        D:3 |      77 |     205 |  72.7 |      18 |       1 |   5.3
            +---------+---------+-------+---------+---------+-------
